Map: Orbital Shipyard

Players

PiG - Winner!

  • Race: Zerg Zerg
  • League: Grandmaster

MorroW

  • Race: Protoss Protoss
  • League: Gold

Event: NationWars III

VOD

Have the link to the VOD?

Description

Time

  • Played on: Dec. 6, 2015, 12:50 p.m.
  • Length: 16:15
Show
View Real Time Build Order
Export as new Build Order

PiG Zerg - Winner!

Build Orders: 3 Hatch before Pool 

Get SALT Encoding   

  12  0:01  Drone  
  13  0:12  Overlord  
  13  0:17  Drone  
  14  0:31  Drone x2  
  16  0:35  Drone  
  17  0:51  Hatchery  
  17  0:54  Drone  
  17  1:03  Drone  
  18  1:18  Hatchery  
  18  1:21  Drone  
  18  1:23  Drone  
  19  1:35  Spawning Pool  
  19  1:39  Drone  
  19  1:41  Drone  
  20  1:49  Overlord  
  20  2:02  Drone  
  20  2:04  Drone  
  22  2:13  Drone  
  23  2:17  Drone  
  23  2:22  Queen  
  26  2:23  Queen, Zergling x2  
  26  2:26  Drone  
  30  2:30  Queen  
  30  2:31  Drone  
  30  2:35  Zergling x2  
  34  2:37  Drone  
  34  2:41  Overlord  
  34  2:43  Drone  
  36  2:46  Drone  
  37  2:54  Drone x2  
  39  2:59  Zergling x2  
  40  3:06  Queen  
  40  3:07  Extractor x2  
  40  3:09  Overlord  
  40  3:10  Zergling x2  
  40  3:12  Drone  
  42  3:22  Drone  
  42  3:25  Drone  
  43  3:28  Drone  
  44  3:36  Drone x5  
  44  3:37  Drone x5  
  54  3:48  Overlord x2  
  54  3:49  Overlord  
  54  3:54  Drone x3  
  57  3:57  Roach Warren  
  56  4:08  Drone x4  
  59  4:11  Lair  
  59  4:12  Drone  
  59  4:15  Drone x4, Extractor  
  59  4:16  Extractor  
  62  4:23  Overlord x2  
  62  4:25  Metabolic Boost  
  62  4:27  Evolution Chamber, Drone  
  62  4:28  Drone  
  62  4:29  Drone  
  64  4:32  Drone x2  
  66  4:42  Drone x3  
  66  4:45  Drone  
  70  4:48  Drone x2  
  70  4:50  Drone x4  
  76  4:54  Zerg Melee Weapons Level 1  
  76  4:56  Overlord x2  
  76  5:00  Drone x5  
  81  5:07  Extractor  
  81  5:09  Extractor  
  79  5:17  Hatchery, Spire  
  77  5:22  Overlord x2  
  77  5:23  Glial Reconstitution  
  77  5:24  Roach x3  
  77  5:26  Overseer  
  83  5:29  Roach  
  83  5:30  Roach  
  87  5:36  Roach x4  
  95  5:44  Drone x2  
  95  5:48  Drone x2  
  99  5:50  Infestation Pit  
  99  5:51  Roach  
  99  5:52  Evolution Chamber, Zergling x10  
  104  6:07  Roach x2, Zergling x2  
  104  6:08  Zergling x8  
  104  6:09  Ravager x4  
  104  6:10  Ravager  
  118  6:15  Zergling x6  
  121  6:19  Zergling x6  
  124  6:32  Zergling x2  
  125  6:33  Zergling x14  
  125  6:37  Hive  
  132  6:41  Drone x2  
  132  6:44  Drone x2  
  136  6:51  Extractor  
  136  6:52  Drone  
  136  6:53  Overlord, Extractor  
  136  6:54  Overlord x4, Zerg Melee Weapons Level 2  
  134  6:55  Zerg Ground Armor Level 1  
  134  6:56  Pathogen Glands  
  134  6:58  Overlord x2  
  132  7:17  Drone  
  132  7:18  Drone x3  
  132  7:19  Drone x4  
  132  7:22  Drone x8  
  148  7:36  Zergling x14  
  153  7:49  Overlord  
  153  7:51  Adrenal Glands  
  153  7:54  Ultralisk Cavern, Greater Spire  
  152  8:04  Zergling x30  
  167  8:11  Infestor  
  169  8:14  Infestor x2  
  169  8:15  Infestor  
  174  8:23  Overseer  
  173  8:43  Ultralisk x3  
  173  8:44  Ultralisk  
  173  8:45  Chitinous Plating  
  194  8:59  Zergling x26  
  181  9:09  Ultralisk x3  
  174  9:15  Zergling x18  
  174  9:16  Zergling x10  
  175  9:23  Ultralisk  
  168  9:31  Ultralisk  
  155  9:35  Zergling x6  
  150  9:46  Ultralisk  
  150  9:47  Zergling x14  
  150  9:50  Zergling x2  
  152  9:59  Extractor  
  150  10:05  Zerg Ground Armor Level 2  
  150  10:08  Hatchery  
  150  10:12  Drone x2  
  150  10:13  Zergling x10  
  153  10:21  Hatchery  
  151  10:25  Drone x2  
  153  10:34  Corruptor x2  
  153  10:35  Corruptor x3  
  159  10:37  Overlord x3  
  159  10:38  Zergling x2  
  159  10:39  Queen x2  
  168  10:51  Zerg Melee Weapons Level 3  
  168  10:54  Queen  
  168  10:58  Mutalisk x2  
  159  11:31  Brood Lord x3  
  164  11:41  Pneumatized Carapace  
  164  11:48  Brood Lord x2  
  164  11:49  Zergling x30  
  164  11:50  Zergling x6  
  186  11:55  Spore Crawler  
  186  11:57  Spore Crawler  
  186  12:00  Spine Crawler  
  183  12:02  Drone x3  
  183  12:03  Drone x3  
  188  12:15  Extractor  
  188  12:21  Zergling x24  
  199  12:29  Zerg Flyer Armor Level 1  
  196  12:56  Zergling x8  
  178  13:54  Zergling x10  
  178  13:55  Zergling x24  
  194  13:57  Burrow  
  193  14:06  Spine Crawler  
  193  14:07  Spine Crawler  
  193  14:08  Spine Crawler x2  
  193  14:09  Spine Crawler  
  164  14:11  Spine Crawler, Ultralisk Cavern  
  164  14:14  Ultralisk  
  164  14:15  Ultralisk x5  
  182  14:28  Drone x8  
  182  14:29  Drone  
  180  14:33  Spine Crawler  
  180  14:34  Spine Crawler  
  180  14:35  Spine Crawler x2  
  180  14:37  Spine Crawler x2  
  180  14:38  Spine Crawler  
  173  14:39  Spine Crawler  
  173  14:41  Spine Crawler  
  167  14:51  Spine Crawler  
  165  14:54  Spine Crawler  
  165  14:56  Spine Crawler, Spawning Pool  
  165  14:59  Spire  
  158  15:00  Spine Crawler  
  158  15:01  Spine Crawler  
  158  15:04  Spine Crawler  
  140  15:20  Spine Crawler  
  137  15:22  Spore Crawler, Spine Crawler x3  
Show
View Real Time Build Order
Export as new Build Order

MorroW Protoss 

Build Orders: Nexus First 

Get SALT Encoding   

  12  0:01  Probe (Chrono Boost)  
  13  0:11  Probe (Chrono Boost)  
  14  0:17  Pylon  
  14  0:22  Probe (Chrono Boost)  
  16  0:35  Probe (Chrono Boost)  
  16  0:46  Probe (Chrono Boost)  
  17  0:57  Nexus  
  17  1:08  Gateway  
  17  1:11  Probe (Chrono Boost)  
  18  1:16  Assimilator  
  18  1:21  Probe (Chrono Boost)  
  18  1:23  Assimilator  
  19  1:32  Probe (Chrono Boost)  
  20  1:42  Probe (Chrono Boost)  
  20  1:47  Gateway  
  21  1:53  Probe (Chrono Boost)  
  22  1:55  Cybernetics Core  
  22  2:03  Probe (Chrono Boost)  
  23  2:10  Probe (Chrono Boost)  
  23  2:14  Probe (Chrono Boost)  
  27  2:20  Probe (Chrono Boost)  
  28  2:24  Probe (Chrono Boost)  
  27  2:31  Probe (Chrono Boost)  
  27  2:32  Warp Gate  
  27  2:34  Adept x2 (Chrono Boost)  
  27  2:35  Probe  
  33  2:42  Probe  
  34  2:45  Pylon  
  34  2:48  Mothership Core (Chrono Boost)  
  36  2:51  Pylon  
  36  2:55  Probe (Chrono Boost)  
  41  3:05  Sentry x2  
  41  3:06  Probe (Chrono Boost)  
  41  3:10  Forge  
  42  3:15  Probe (Chrono Boost)  
  42  3:17  Probe (Chrono Boost)  
  42  3:19  Pylon  
  44  3:25  Probe (Chrono Boost)  
  45  3:27  Probe (Chrono Boost)  
  46  3:36  Probe (Chrono Boost)  
  46  3:37  Probe (Chrono Boost), Assimilator  
  46  3:39  Assimilator  
  46  3:40  Adept x2  
  52  3:43  Protoss Ground Weapons Level 1 (Chrono Boost)  
  52  3:46  Probe x2  
  54  3:57  Probe  
  54  3:58  Probe  
  56  4:07  Probe  
  57  4:11  Probe, Nexus  
  57  4:14  Pylon  
  57  4:17  Pylon  
  58  4:18  Probe  
  58  4:23  Probe  
  60  4:29  Probe  
  61  4:33  Robotics Facility  
  61  4:35  Probe  
  61  4:36  Twilight Council  
  62  4:42  Probe  
  63  4:47  Stalker x2, Probe  
  68  4:53  Probe  
  68  4:59  Probe  
  70  5:03  Probe  
  71  5:11  Probe  
  71  5:13  Adept x2  
  76  5:15  Probe  
  77  5:23  Probe, Warp Prism  
  77  5:24  Charge  
  77  5:26  Probe, Protoss Ground Weapons Level 2 (Chrono Boost)  
  81  5:30  Probe  
  81  5:32  Gateway  
  81  5:34  Gateway  
  83  5:35  Probe  
  83  5:36  Probe  
  83  5:41  Gateway  
  84  5:43  Gateway  
  84  5:44  Probe  
  84  5:47  Probe x2  
  87  5:57  Pylon  
  87  6:01  Templar Archives  
  87  6:03  Stalker x2  
  91  6:07  Pylon  
  91  6:08  Pylon  
  91  6:10  Pylon  
  91  6:17  Immortal  
  95  6:33  Stalker x4  
  95  6:34  Probe x2  
  95  6:35  Probe  
  95  6:37  Assimilator  
  95  6:39  Assimilator  
  106  6:42  Zealot x2  
  110  6:47  Gateway  
  110  6:48  Gateway  
  110  6:50  Gateway  
  110  6:53  Gateway  
  108  6:59  Zealot x4  
  118  7:09  Warp Prism  
  115  7:17  Pylon x2  
  115  7:19  Pylon  
  115  7:25  Zealot x5  
  115  7:26  Pylon  
  115  7:27  Stargate  
  115  7:28  Stargate  
  125  7:31  Photon Cannon x2  
  125  7:41  High Templar  
  123  7:51  High Templar x6  
  135  8:01  Photon Cannon  
  135  8:06  Protoss Ground Weapons Level 3 (Chrono Boost)  
  135  8:09  Archon x3  
  135  8:17  Probe  
  135  8:18  Probe  
  137  8:28  Nexus, Phoenix x2  
  137  8:32  High Templar x2  
  137  8:33  Zealot  
  137  8:34  Zealot x5  
  157  8:38  Pylon  
  157  8:40  Pylon, Archon  
  157  8:46  Zealot  
  156  8:54  Robotics Bay  
  156  8:56  Robotics Facility  
  156  9:01  Zealot x4  
  156  9:02  Zealot  
  156  9:08  Zealot x2  
  144  9:15  Warp Prism  
  144  9:16  Phoenix  
  148  9:19  Nexus  
  147  9:25  High Templar x3  
  135  9:33  Nexus  
  109  9:56  Pylon  
  109  9:58  Immortal x2  
  103  10:00  Zealot  
  103  10:01  Zealot x9  
  121  10:07  Archon  
  115  10:16  Archon  
  115  10:22  High Templar x4  
  115  10:24  Zealot x6  
  115  10:26  Archon  
  115  10:27  Archon  
  135  10:36  Probe  
  135  10:41  Probe  
  136  10:48  Probe, Zealot x4  
  136  10:49  Zealot x2  
  150  10:52  Probe  
  151  11:00  Probe  
  151  11:01  Nexus  
  152  11:05  Immortal  
  152  11:08  Immortal  
  160  11:11  Protoss Ground Armor Level 1 (Chrono Boost)  
  156  11:29  High Templar  
  156  11:30  High Templar x4  
  164  11:36  Archon x2  
  164  11:37  Pylon x3  
  164  11:55  Immortal x2 (Chrono Boost)  
  172  12:02  Probe, Robotics Facility  
  172  12:04  Probe x2  
  172  12:05  Oracle x2 (Chrono Boost)  
  179  12:31  Zealot x3  
  179  12:35  Zealot  
  177  12:39  Void Ray (Chrono Boost)  
  177  12:40  Void Ray (Chrono Boost)  
  181  12:51  High Templar  
  181  12:53  Assimilator  
  181  12:54  Assimilator  
  183  13:11  Pylon  
  183  13:12  Pylon  
  183  13:13  Pylon  
  183  13:14  Pylon, Archon  
  178  13:28  Probe x2  
  178  13:31  Probe x2  
  174  13:35  Zealot x9  
  183  13:43  Probe  
  144  14:07  Immortal  
  141  14:25  Pylon  
  141  14:26  Pylon x2  
  122  14:46  Pylon x2  
  122  14:48  Pylon  
  93  15:15  High Templar x5  
  93  15:16  High Templar x2  
  93  15:21  Archon x3  
Tags
 
Add a new tag
Caveats
  • Supply blocks, unpowered buildings, or Contaminate may cause inaccurate times.
  • Supply counts are checked every 10 seconds.